[Event "ICC tourney 2132 (75 10)"]
[Site "Internet Chess Club"]
[Date "2020.11.14"]
[Round "1"]
[White "SBomm18"]
[Black "poohfur"]
[Result "0-1"]
[ICCResult "White resigns"]
[WhiteElo "1786"]
[BlackElo "1714"]
[Opening "Ruy Lopez: 5.O-O"]
[ECO "C78"]
[NIC "RL.12"]
[Time "10:04:05"]
[TimeControl "4500+10"]

1. e4 e5 2. Nf3 Nc6 3. Bb5 a6 4. Ba4 Nf6 5. O-O b5 6. Bb3 Bc5 7. d3 d6 8. c3
O-O 9. Bg5 h6 10. Bh4 Bg4 11. h3 Bh5 12. Bd5 Qd7 13. Bxf6 gxf6 14. Nh4 Bxd1
15. Rxd1 Kh7 16. Nd2 Rg8 17. Kh2 Bxf2 18. Nf5 Rae8 19. Rf1 Bb6 20. Rf3 Ne7
21. Bxf7 Nxf5 22. Bxg8+ Rxg8 23. Rxf5 d5 24. Raf1 Be3 25. Rxf6 Bf4+ 26. Kh1
Qg7 {White resigns} 0-1

[Event "ICC tourney 2132 (75 10)"]
[Site "Internet Chess Club"]
[Date "2020.11.14"]
[Round "1"]
[White "Kausy"]
[Black "amandapati"]
[Result "1-0"]
[ICCResult "Black checkmated"]
[WhiteElo "1792"]
[BlackElo "2028"]
[Opening "Sicilian"]
[ECO "B56"]
[NIC "SI.25"]
[Time "10:03:12"]
[TimeControl "4500+10"]

1. e4 c5 2. Nf3 Nc6 3. d4 cxd4 4. Nxd4 Nf6 5. Nc3 d6 6. f3 Qb6 7. Nb3 Be6 8.
Bf4 O-O-O 9. Qd2 Bxb3 10. cxb3 Kb8 11. O-O-O Qc7 12. Kb1 e6 13. Nb5 Qd7 14.
Bxd6+ Bxd6 15. Qxd6+ Qxd6 16. Rxd6 a6 17. Rxd8+ Rxd8 18. Nc3 Ka7 19. Be2 g5
20. Rd1 Rxd1+ 21. Bxd1 b5 22. Kc2 Kb7 23. Kd2 Kc7 24. Ke3 Nd7 25. Bc2 Kd6
26. g3 Nde5 27. h3 f6 28. f4 gxf4+ 29. gxf4 Ng6 30. Ne2 e5 31. f5 Nh4 32.
Kf2 h5 33. Kg3 Nxf5+ 34. exf5 Kc5 35. Kh4 Kd5 36. Kxh5 Ne7 37. h4 e4 38.
Nc3+ Ke5 39. Bxe4 a5 40. Bc2 b4 41. Ne2 Nxf5 42. Bxf5 Kxf5 43. Kh6 Ke4 44.
Kg6 Ke3 45. h5 Kxe2 46. h6 Kd1 47. h7 Kc2 48. h8=Q Kb1 49. Qxf6 Kxa2 50. Qa6
Kxb2 51. Qxa5 Kxb3 52. Qa1 Kc4 53. Qb2 Kc5 54. Qb3 Kb5 55. Kf5 Kc5 56. Ke4
Kd6 57. Qxb4+ Ke6 58. Qb6+ Ke7 59. Ke5 Kf7 60. Qf6+ Kg8 61. Qe7 Kh8 62. Kf6
Kg8 63. Qg7# {Black checkmated} 1-0

[Event "ICC tourney 2132 (75 10)"]
[Site "Internet Chess Club"]
[Date "2020.11.14"]
[Round "1"]
[White "wangfang75"]
[Black "vvguys"]
[Result "1-0"]
[ICCResult "Black checkmated"]
[WhiteElo "1852"]
[BlackElo "1553"]
[Opening "Sicilian defense"]
[ECO "B44"]
[NIC "SI.39"]
[Time "10:03:09"]
[TimeControl "4500+10"]

1. e4 c5 2. Nf3 e6 3. d4 cxd4 4. Nxd4 Nc6 5. Nxc6 bxc6 6. e5 Qa5+ 7. Nc3
Qxe5+ 8. Be2 Nf6 9. O-O Be7 10. Re1 Qc7 11. Bf3 Bb7 12. Bg5 O-O 13. Ne4 Nd5
14. Bxe7 Nxe7 15. Nc5 d5 16. Qd2 Rfd8 17. Qg5 Ng6 18. b4 Qb6 19. Rab1 Ba6
20. h4 h6 21. Qg3 Bc4 22. Nxe6 Re8 23. a3 d4 24. Nxg7 Kxg7 25. h5 Kh7 26.
Be4 Rg8 27. hxg6+ fxg6 28. Bxg6+ Kh8 29. Re7 Rg7 30. Rxg7 Kxg7 31. Bd3+ Kh8
32. Qe5+ Kg8 33. Bxc4+ Kf8 34. Qf6+ Ke8 35. Re1+ Kd7 36. Re7+ Kc8 37. Qf8+
Qd8 38. Ba6+ Kb8 39. Qxd8# {Black checkmated} 1-0

[Event "ICC tourney 2132 (75 10)"]
[Site "Internet Chess Club"]
[Date "2020.11.14"]
[Round "1"]
[White "Yucheng"]
[Black "kirikiri007"]
[Result "1-0"]
[ICCResult "Black resigns"]
[WhiteElo "1879"]
[BlackElo "1567"]
[Opening "QGD Slav defense"]
[ECO "D10"]
[NIC "SL.01"]
[Time "10:03:13"]
[TimeControl "4500+10"]

1. d4 d5 2. c4 c6 3. Nc3 Nf6 4. e3 Bf5 5. cxd5 cxd5 6. Qb3 Bc8 7. Nf3 a6 8.
Bd3 e6 9. O-O Be7 10. Bd2 O-O 11. Rac1 Nc6 12. Na4 Rb8 13. Rxc6 Bd7 14. Rcc1
b5 15. Nc5 Qb6 16. Nxd7 Nxd7 17. Bb1 Rfc8 18. Rxc8+ Rxc8 19. Rc1 Rxc1+ 20.
Bxc1 Qc6 21. Qc2 Qxc2 22. Bxc2 Nb6 23. b3 f6 24. Bd3 h6 25. Bd2 Kf7 26. Ba5
Nc8 27. a4 Nd6 28. Bb4 bxa4 29. bxa4 Nc4 30. Bxe7 Kxe7 31. Bxc4 dxc4 32. Kf1
Kd6 33. Ke2 Kd5 34. Kd2 e5 35. dxe5 fxe5 36. Kc3 g5 37. Nd2 Kc5 38. Nxc4 Kd5
39. Nd2 g4 40. e4+ Kc5 41. Nb3+ Kd6 42. Kc4 Kc6 43. Nc5 a5 44. Nb3 Kb6 45.
Kd5 {Black resigns} 1-0

[Event "ICC tourney 2132 (75 10)"]
[Site "Internet Chess Club"]
[Date "2020.11.14"]
[Round "1"]
[White "kittycat35"]
[Black "mopaska1106"]
[Result "1/2-1/2"]
[ICCResult "Game drawn by mutual agreement"]
[WhiteElo "1747"]
[BlackElo "1923"]
[Opening "Sicilian: Pelikan, Chelyabinsk variation"]
[ECO "B32"]
[NIC "SI.37"]
[Time "10:03:35"]
[TimeControl "4500+10"]

1. e4 c5 2. Nf3 Nc6 3. d4 cxd4 4. Nxd4 e5 5. Nb5 d6 6. N1c3 Nf6 7. Bg5 a6 8.
Na3 b5 9. Nd5 Be7 10. Bxf6 Bxf6 11. Nxf6+ Qxf6 12. c3 O-O 13. Be2 Ne7 14.
Nc2 Qg6 15. Bf3 Rb8 16. Qd2 f5 17. exf5 Bxf5 18. Ne3 Kh8 19. Nxf5 Nxf5 20.
Be4 Qf6 21. Bxf5 Qxf5 22. O-O Rbd8 23. Rad1 d5 24. Qe3 Qf6 25. f3 d4 26.
cxd4 exd4 27. Qd3 h6 28. Rfe1 Rf7 29. Re4 Rfd7 30. Rde1 Qf7 31. b3 Kg8
{Game drawn by mutual agreement}
1/2-1/2

[Event "ICC tourney 2132 (75 10)"]
[Site "Internet Chess Club"]
[Date "2020.11.14"]
[Round "1"]
[White "SupaHotFiya"]
[Black "CoarseCrown"]
[Result "0-1"]
[ICCResult "White resigns"]
[WhiteElo "1811"]
[BlackElo "1770"]
[Opening "Sicilian: Nimzovich-Rossolimo attack (without ...d6)"]
[ECO "B30"]
[NIC "SI.31"]
[Time "10:03:16"]
[TimeControl "4500+10"]

1. e4 c5 2. Nf3 Nc6 3. Bb5 Nf6 4. Bxc6 bxc6 5. e5 Nd5 6. d4 cxd4 7. Qxd4 Ba6
8. c4 Nb4 9. Qc3 c5 10. O-O e6 11. Nbd2 Be7 12. Rd1 O-O 13. a3 Nc6 14. Ne4
Rb8 15. Be3 Qb6 16. Rxd7 Qxb2 17. Qxb2 Rxb2 18. Bxc5 Bxc5 19. Nxc5 Bxc4 20.
Rc1 Bd5 21. Na4 Rb3 22. Nc3 Bxf3 23. gxf3 Nxe5 24. Rxa7 Nxf3+ 25. Kg2 Nh4+
26. Kg3 g5 27. Kg4 h6 28. f4 Rc8 29. fxg5 hxg5 30. Kxg5 Nf3+ 31. Kf6 Rbxc3
32. Rb1 R3c5 33. a4 Re8 34. Rb5 Rc4 {White resigns} 0-1

[Event "ICC tourney 2132 (75 10)"]
[Site "Internet Chess Club"]
[Date "2020.11.14"]
[Round "1"]
[White "Concordborn"]
[Black "IAlwaysWin"]
[Result "1/2-1/2"]
[ICCResult "Game drawn by repetition"]
[WhiteElo "1751"]
[BlackElo "1966"]
[Opening "French: Rubinstein variation"]
[ECO "C03"]
[NIC "FR.07"]
[Time "10:03:23"]
[TimeControl "4500+10"]

1. e4 e6 2. d4 d5 3. Nd2 dxe4 4. Nxe4 Nd7 5. Nf3 Ngf6 6. Ng3 c5 7. Be2 Qb6
8. c3 cxd4 9. Nxd4 Bc5 10. b4 Bxd4 11. Qxd4 Qxd4 12. cxd4 a5 13. b5 O-O 14.
a4 Nb6 15. O-O Nbd5 16. Bd2 b6 17. Bf3 Bb7 18. Ne4 Nxe4 19. Bxe4 Rfc8 20.
Rfc1 h6 21. g3 Kf8 22. Kf1 Ke8 23. Ke1 Kd7 24. Rxc8 Rxc8 25. Rc1 Rxc1+ 26.
Bxc1 Kc7 27. Kd2 Nb4 28. f3 h5 29. Ba3 Nd5 30. h4 f5 31. Bc2 Nf6 32. Bd1 g6
33. Be7 Nd5 34. Ba3 Kd7 35. g4 Nf4 36. Ke3 Nd5+ 37. Kd2 Nf4 38. Ke3 Nd5+ 39.
Kd2 {Game drawn by repetition} 1/2-1/2

[Event "ICC tourney 2132 (75 10)"]
[Site "Internet Chess Club"]
[Date "2020.11.14"]
[Round "1"]
[White "mikoyansuren"]
[Black "matthewrex"]
[Result "1-0"]
[ICCResult "Black resigns"]
[WhiteElo "1976"]
[BlackElo "1679"]
[Opening "Torre attack (Tartakower variation)"]
[ECO "D03"]
[NIC "QP.07"]
[Time "10:03:18"]
[TimeControl "4500+10"]

1. d4 Nf6 2. Bg5 d5 3. Nf3 h6 4. Bxf6 exf6 5. e3 Bd6 6. c4 O-O 7. Nc3 dxc4
8. Bxc4 Nd7 9. O-O Nb6 10. Bb3 c6 11. Rc1 Bg4 12. h3 Bh5 13. Ne4 Bc7 14.
Ned2 f5 15. Qc2 Qf6 16. d5 Rac8 17. dxc6 Bb8 18. Nd4 f4 19. Qe4 fxe3 20.
fxe3 Qd6 21. N2f3 Bxf3 22. Qxf3 bxc6 23. Nxc6 Bc7 24. Rcd1 Qc5 25. Bxf7+ Kh8
26. b4 Qc3 27. Ne7 Rxf7 28. Qxf7 Qxe3+ 29. Kh1 Qg3 30. Ng6+ Kh7 31. Nf4 Bb8
32. Qf5+ Kg8 33. Rf3 Qh4 34. Ne6 Qe7 35. Rdf1 {Black resigns} 1-0

[Event "ICC tourney 2132 (75 10)"]
[Site "Internet Chess Club"]
[Date "2020.11.14"]
[Round "1"]
[White "DanielA1926"]
[Black "Sricharan07"]
[Result "0-1"]
[ICCResult "White checkmated"]
[WhiteElo "1542"]
[BlackElo "1851"]
[Opening "King's Indian: Zinnowitz variation"]
[ECO "E90"]
[NIC "KI.21"]
[Time "10:03:19"]
[TimeControl "4500+10"]

1. d4 Nf6 2. c4 g6 3. Nc3 Bg7 4. e4 d6 5. Nf3 O-O 6. Bg5 c6 7. Qb3 Qc7 8.
O-O-O Nbd7 9. Be2 Rb8 10. Qa3 b5 11. cxb5 cxb5 12. b4 Nxe4 13. Kb2 Nxg5 14.
Nxg5 a6 15. Nd5 Qd8 16. Qa5 Nb6 17. Nxb6 Qxb6 18. Qxb6 Rxb6 19. Rhe1 e6 20.
Bf3 Bb7 21. Bxb7 Rxb7 22. Nf3 Rc8 23. Rc1 Rbc7 24. Rxc7 Rxc7 25. Rc1 Rxc1
26. Kxc1 Kf8 27. Kc2 Ke7 28. Kd3 Kd7 29. Ng5 h6 30. Nf3 Kc6 31. g4 Kd5 32.
h4 e5 33. Nd2 f5 34. f3 fxg4 35. fxg4 exd4 36. h5 gxh5 37. gxh5 Ke6 38. Nf3
Bf6 39. Ke4 d5+ 40. Kd3 Kf5 41. Nxd4+ Bxd4 42. Kxd4 Ke6 43. Kc5 Ke5 44. Kb6
d4 45. Kxa6 d3 46. Kxb5 d2 47. a4 d1=Q 48. a5 Qd5+ 49. Ka6 Qc6+ 50. Ka7 Qb5
51. a6 Qxb4 52. Ka8 Qf8+ 53. Kb7 Qe7+ 54. Ka8 Qd8+ 55. Kb7 Qd7+ 56. Ka8 Qc7
57. a7 Qc8# {White checkmated} 0-1

[Event "ICC tourney 2132 (75 10)"]
[Site "Internet Chess Club"]
[Date "2020.11.14"]
[Round "1"]
[White "bopala"]
[Black "abi2009"]
[Result "1-0"]
[ICCResult "Black resigns"]
[WhiteElo "1998"]
[BlackElo "1730"]
[Opening "QGD: exchange, positional line"]
[ECO "D35"]
[NIC "QO.16"]
[Time "10:03:17"]
[TimeControl "4500+10"]

1. d4 d5 2. c4 e6 3. Nc3 Nf6 4. cxd5 exd5 5. Bg5 Be7 6. e3 O-O 7. Bd3 c6 8.
Nge2 b6 9. O-O Ba6 10. f3 h6 11. Bh4 Qd7 12. Bf2 Bxd3 13. Qxd3 Rd8 14. Rad1
a5 15. e4 Na6 16. a3 Nc7 17. Rfe1 c5 18. dxc5 bxc5 19. exd5 Ncxd5 20. Nxd5
Qxd5 21. Qxd5 Rxd5 22. Rxd5 Nxd5 23. Nc3 Nxc3 24. Rxe7 Nd1 25. Bxc5 Nxb2 26.
Ra7 Rxa7 27. Bxa7 Kf8 28. Kf2 Nc4 29. Ke2 Ke8 30. Bc5 Kd7 31. Kd3 Ne5+ 32.
Kd4 Nc6+ 33. Kc4 g6 34. Kb5 Ne5 35. Kxa5 Nd3 36. Be3 Ne1 {Black resigns} 1-0

[Event "ICC tourney 2132 (75 10)"]
[Site "Internet Chess Club"]
[Date "2020.11.14"]
[Round "1"]
[White "cdj12417489"]
[Black "soggydollar"]
[Result "0-1"]
[ICCResult "White resigns"]
[WhiteElo "1258"]
[BlackElo "1815"]
[Opening "Sicilian: closed"]
[ECO "B23"]
[NIC "SI.44"]
[Time "10:03:17"]
[TimeControl "4500+10"]

1. e4 c5 2. Nc3 e6 3. f4 d5 4. e5 Nc6 5. Nf3 a6 6. Be2 b5 7. a3 Qb6 8. Na2
Nh6 9. Rb1 c4 10. b4 Ng4 11. Nd4 Qxd4 12. Bxg4 Qxf4 13. Qe2 Qxe5 14. Bb2
Qxe2+ 15. Kxe2 e5 16. Bxc8 Rxc8 17. Rbe1 f6 18. Kd1 d4 19. d3 c3 20. Bc1 Kd7
21. g4 Bd6 22. Ref1 Rhf8 23. h3 Ne7 24. Rf3 Nd5 25. Rhf1 Ke6 26. h4 Rf7 27.
g5 f5 28. g6 hxg6 29. Bg5 Rcf8 30. Nc1 f4 31. R1f2 a5 32. bxa5 Bxa3 33. Nb3
Ra7 34. Rh2 Ne3+ 35. Ke1 Kd5 36. Rhf2 Bb4 37. Rh2 Bxa5 38. h5 gxh5 39. Rxh5
Rf5 40. Rf2 g6 41. Bxf4 Rxh5 42. Bxe3 dxe3 43. Rf3 Bb6 44. Ke2 Rh2+ 45. Kf1
Rah7 {White resigns} 0-1

[Event "ICC tourney 2132 (75 10)"]
[Site "Internet Chess Club"]
[Date "2020.11.14"]
[Round "1"]
[White "sujashankar"]
[Black "Goldenmaknae"]
[Result "1/2-1/2"]
[ICCResult "Game drawn by mutual agreement"]
[WhiteElo "1690"]
[BlackElo "1876"]
[Opening "Sicilian defense"]
[ECO "B30"]
[NIC "SI.31"]
[Time "10:03:16"]
[TimeControl "4500+10"]

1. e4 c5 2. Nf3 Nc6 3. c3 e5 4. Bc4 Be7 5. d4 cxd4 6. cxd4 exd4 7. Nxd4 Bb4+
8. Bd2 Bxd2+ 9. Qxd2 Nge7 10. Nc3 O-O 11. O-O Nxd4 12. Qxd4 Nc6 13. Qe3 Qf6
14. Rad1 a6 15. a4 d6 16. b3 Rd8 17. Nd5 Qh4 18. Nc7 Rb8 19. f4 Bg4 20. Rd2
Rd7 21. Nd5 b5 22. axb5 axb5 23. Be2 Bxe2 24. Qxe2 Ne7 25. Ne3 Qf6 26. Ng4
Qe6 27. Qf3 d5 28. f5 Qb6+ 29. Qf2 Qxf2+ 30. Nxf2 f6 31. Ng4 Rbd8 32. e5
fxe5 33. Nxe5 Rd6 34. g4 Nc6 35. Nd3 Na5 36. Nc5 Rc8 37. b4 Nc6 38. Rf4 Nxb4
39. Nb7 Rd7 40. Rxb4 Rxb7 41. Rxd5 Rc4 42. Rxc4 bxc4
{Game drawn by mutual agreement}
1/2-1/2

[Event "ICC tourney 2132 (75 10)"]
[Site "Internet Chess Club"]
[Date "2020.11.14"]
[Round "1"]
[White "parallax"]
[Black "ashay7"]
[Result "0-1"]
[ICCResult "White checkmated"]
[WhiteElo "1691"]
[BlackElo "1954"]
[Opening "Sicilian defense"]
[ECO "B20"]
[NIC "SI.48"]
[Time "10:03:14"]
[TimeControl "4500+10"]

1. e4 c5 2. a3 d5 3. exd5 Nf6 4. Bb5+ Nbd7 5. Nc3 a6 6. Ba4 b5 7. Bb3 Bb7 8.
d3 b4 9. axb4 cxb4 10. Ne4 Nxd5 11. Nf3 g6 12. Qe2 Qc7 13. Bd2 a5 14. O-O
Bg7 15. d4 O-O 16. c4 bxc3 17. bxc3 e5 18. c4 Nf4 19. Qe3 exd4 20. Qxf4 Qxf4
21. Bxf4 Bxe4 22. Nxd4 Nc5 23. Bd6 Bxd4 24. Bxf8 Nxb3 25. Ra3 Kxf8 26. Rxb3
a4 27. Ra3 Bb2 28. Ra2 a3 29. f3 Bd3 30. Rf2 Bd4 31. g3 Bxc4 32. Rxa3 Rxa3
33. Kg2 Bxf2 34. Kxf2 Ra2+ 35. Kg1 Bd5 36. f4 Rg2+ 37. Kh1 Rxg3#
{White checkmated}
0-1

[Event "ICC tourney 2132 (75 10)"]
[Site "Internet Chess Club"]
[Date "2020.11.14"]
[Round "1"]
[White "MacAndSneeze"]
[Black "loveEdinburgh"]
[Result "1/2-1/2"]
[ICCResult "Game drawn by mutual agreement"]
[WhiteElo "1577"]
[BlackElo "1846"]
[Opening "Sicilian: Hungarian variation"]
[ECO "B27"]
[NIC "SI.43"]
[Time "10:03:14"]
[TimeControl "4500+10"]

1. e4 c5 2. Nf3 g6 3. d4 cxd4 4. Qxd4 Nf6 5. Nc3 Nc6 6. Qd1 d6 7. Bb5 Bd7 8.
O-O Bg7 9. Re1 O-O 10. Bg5 h6 11. Bh4 Qb6 12. Rb1 a6 13. Ba4 Rfe8 14. Nd5
Qa5 15. Bxc6 Bxc6 16. Nxf6+ Bxf6 17. Bxf6 exf6 18. Qd4 Qxa2 19. Qxf6 Qe6 20.
Qxe6 Rxe6 21. Nd2 Rae8 22. f3 d5 23. Kf2 dxe4 24. fxe4 Bxe4 25. Rbc1 Bd5 26.
Rxe6 Rxe6 27. c4 Bc6 28. b4 Rf6+ 29. Nf3 g5 30. h3 Kg7 31. Kg3 Re6 32. Nd4
Re3+ 33. Kf2 Rd3 34. Nxc6 bxc6 35. Rb1 Rd8 36. Ra1 Rd4 37. c5 Rxb4 38. Rxa6
Rc4 39. Rxc6 Rc3 40. Ke2 {Game drawn by mutual agreement} 1/2-1/2

[Event "ICC tourney 2132 (75 10)"]
[Site "Internet Chess Club"]
[Date "2020.11.14"]
[Round "1"]
[White "knvsback"]
[Black "agrimjax1"]
[Result "1/2-1/2"]
[ICCResult "Black stalemated"]
[WhiteElo "1801"]
[BlackElo "1454"]
[Opening "Giuoco Pianissimo"]
[ECO "C50"]
[NIC "IG.02"]
[Time "10:03:16"]
[TimeControl "4500+10"]

1. e4 e5 2. Nf3 Nc6 3. Bc4 Bc5 4. d3 Nf6 5. O-O d6 6. c3 Qe7 7. b4 Bb6 8.
Nbd2 Bg4 9. a4 a6 10. a5 Ba7 11. Re1 O-O 12. Nf1 h6 13. Be3 Rfe8 14. b5 axb5
15. Bxb5 Bd7 16. a6 bxa6 17. Bxa6 Bxe3 18. Nxe3 Bc8 19. Bb5 Bd7 20. h3 Rab8
21. Bc4 Nd8 22. Ra7 Ne6 23. Nf5 Qd8 24. Qc2 Ra8 25. Rea1 Rxa7 26. Rxa7 Qb8
27. Qa2 Nc5 28. Bxf7+ Kf8 29. Bxe8 Bxe8 30. Ra8 Qb7 31. Ra7 Qb8 32. Ne1 Ncd7
33. Nc2 Nc5 34. Ne1 Ncd7 35. Kh2 Qb6 36. Ra8 Nb8 37. Qa7 Qxa7 38. Rxa7 c6
39. Rxg7 Bd7 40. Rxd7 Nbxd7 41. Nxd6 Nc5 42. f3 Nfd7 43. Kg3 Ke7 44. Nf5+
Kf6 45. Nxh6 Kg5 46. Ng4 Nb6 47. Nxe5 Nca4 48. Nxc6 Nxc3 49. Kf2 Nd1+ 50.
Ke2 Nc3+ 51. Ke3 Nd1+ 52. Kd2 Nf2 53. Nc2 Nh1 54. Ne3 Ng3 55. d4 Nd7 56. d5
Nc5 57. Nd4 Kf4 58. h4 Ncxe4+ 59. fxe4 Nxe4+ 60. Kd3 Nd6 61. Nef5 Ne8 62. d6
Nf6 63. g3+ Kg4 64. Kc4 Kh5 65. Kb5 Kg4 66. Kc6 Kh5 67. d7 Nxd7 68. Kxd7 Kg4
69. Ke6 Kh5 70. Kf6 Kg4 71. Kg6 Kh3 72. h5 Kg4 73. h6 Kh3 74. h7 Kg4 75.
h8=Q {Black stalemated} 1/2-1/2

[Event "ICC tourney 2132 (75 10)"]
[Site "Internet Chess Club"]
[Date "2020.11.14"]
[Round "1"]
[White "Mapking1"]
[Black "DrBoler"]
[Result "1-0"]
[ICCResult "Black resigns"]
[WhiteElo "1799"]
[BlackElo "149"]
[Opening "Caro-Kann: exchange variation"]
[ECO "B13"]
[NIC "CK.02"]
[Time "10:03:34"]
[TimeControl "4500+10"]

1. e4 c6 2. d4 d5 3. exd5 cxd5 4. Bd3 Nc6 5. c3 Qc7 6. Qe2 e6 7. Nf3 Bd6 8.
b3 Nge7 9. O-O O-O 10. Ba3 Re8 11. Bxd6 Qxd6 12. Ne5 Nxe5 13. dxe5 Qc7 14.
f4 Bd7 15. Qc2 g6 16. Nd2 Qb6+ 17. Kh1 Bb5 18. g4 Bxd3 19. Qxd3 Nc6 20. Nf3
Qc7 21. Rae1 Ne7 22. Qd2 Rac8 23. f5 exf5 24. Qh6 Nc6 25. gxf5 f6 26. exf6
Qf7 27. fxg6 hxg6 28. Rxe8+ Rxe8 29. Ng5 {Black resigns} 1-0

[Event "ICC tourney 2132 (75 10)"]
[Site "Internet Chess Club"]
[Date "2020.11.14"]
[Round "1"]
[White "Otelo"]
[Black "Jim1108"]
[Result "0-1"]
[ICCResult "White resigns"]
[WhiteElo "2036"]
[BlackElo "1814"]
[Opening "English opening"]
[ECO "A05"]
[NIC "QP.11"]
[Time "10:03:18"]
[TimeControl "4500+10"]

1. Nf3 Nf6 2. c4 g6 3. g3 Bg7 4. Bg2 O-O 5. O-O c6 6. d3 d6 7. Nbd2 Qa5 8.
a3 Na6 9. b4 Qh5 10. Bb2 Bh3 11. e3 e5 12. Qc2 Rfe8 13. Rfc1 Rac8 14. Bh1 d5
15. Qa4 e4 16. dxe4 dxe4 17. Nd4 Bd7 18. Qd1 Ng4 19. h4 c5 20. bxc5 Nxc5 21.
Nxe4 Nxe4 22. Bxe4 Rxe4 23. f3 Nxe3 24. Qd2 Ree8 25. Re1 Nxc4 {White
resigns} 0-1

[Event "ICC tourney 2132 (75 10)"]
[Site "Internet Chess Club"]
[Date "2020.11.14"]
[Round "1"]
[White "atevifred"]
[Black "Zuiopal"]
[Result "1-0"]
[ICCResult "Black resigns"]
[WhiteElo "1896"]
[BlackElo "1657"]
[Opening "English opening: Agincourt variation"]
[ECO "A13"]
[NIC "QP.09"]
[Time "10:03:16"]
[TimeControl "4500+10"]

1. Nf3 d5 2. c4 e6 3. e3 Nf6 4. b3 Be7 5. Bb2 Nbd7 6. Be2 c5 7. O-O O-O 8.
Na3 a6 9. Rc1 b6 10. d3 Bb7 11. Qc2 Rc8 12. Rfd1 Qc7 13. Qb1 Qb8 14. Qa1 Bd6
15. h3 Rfd8 16. Rc2 Qa8 17. Ne1 d4 18. e4 e5 19. Bc1 h6 20. Bd2 Nf8 21. Qc1
Ng6 22. g3 Bc6 23. f4 Kh7 24. f5 Nf8 25. Bf3 b5 26. Ng2 b4 27. Nb1 a5 28. g4
Ng8 29. h4 f6 30. g5 fxg5 31. hxg5 Bd7 32. g6+ Nxg6 33. fxg6+ Kxg6 34. Rf1
Rf8 35. Nh4+ Kh7 36. Nf5 Bb8 37. Qe1 Qa6 38. Bc1 Rf6 39. Rg2 g6 40. Qg3 Bxf5
41. exf5 Rxf5 42. Be4 Rxf1+ 43. Kxf1 Rf8+ 44. Kg1 Rf6 45. Qh3 Bd6 46. Nd2
Bf8 47. Nf3 Kg7 48. Nh4 Ne7 49. Bxh6+ Kxh6 50. Nxg6+ Kg7 51. Qh8+ Kf7 52.
Qxf8+ Ke6 {Black resigns} 1-0

[Event "ICC tourney 2132 (75 10)"]
[Site "Internet Chess Club"]
[Date "2020.11.14"]
[Round "1"]
[White "VincentT2008"]
[Black "xyzchessdude"]
[Result "1-0"]
[ICCResult "Black forfeits on time"]
[WhiteElo "1777"]
[BlackElo "1981"]
[Opening "Old Benoni defense"]
[ECO "A43"]
[NIC "OI.09"]
[Time "10:03:10"]
[TimeControl "4500+10"]

1. d4 c5 2. dxc5 e6 3. Nc3 Bxc5 4. Ne4 Bb4+ 5. c3 Be7 6. Nd6+ Kf8 7. e4 Nc6
8. f4 Bxd6 9. Qxd6+ Qe7 10. Qd1 Nf6 11. Bd3 b6 12. Nf3 Bb7 13. O-O d6 14. b3
Kg8 15. Bb2 Rd8 16. Qc2 e5 17. fxe5 dxe5 18. Rad1 Ng4 19. Bc1 h6 20. h3 Nf6
21. Nh4 Qc5+ 22. Kh1 Ne7 23. Nf5 Nxf5 24. Rxf5 Nxe4 25. Kh2 Nd6 26. Bc4 Rf8
27. Rxd6 Qxd6 28. Qf2 Kh7 29. Rxf7 Rxf7 30. Qxf7 Be4 31. Qh5 Rf8 32. Be3 Qg6
33. Qe2 Rd8 34. Qf2 Qf5 35. Qh4 Rf8 36. Be2 Bd5 37. c4 Bc6 38. Qg3 Rf6 39.
Bg4 Qe4 40. Bh5 g6 41. Bg4 h5 42. Be2 Rd6 43. Qg5 Rd7 44. Bf3 Qf5 45. Bxc6
Qxg5 46. Bxg5 Rc7 47. Bd5 Kg7 48. Kg3 a6 49. Bd8 Rc8 50. Bxb6 Re8 51. Kf3
Kf6 52. c5 g5 53. c6 Kf5 54. c7 g4+ 55. hxg4+ hxg4+ 56. Ke3 Kf6 57. Bb7
{Black forfeits on time}
1-0

[Event "ICC tourney 2132 (75 10)"]
[Site "Internet Chess Club"]
[Date "2020.11.14"]
[Round "1"]
[White "mancogu"]
[Black "HarleyQueen8"]
[Result "1/2-1/2"]
[ICCResult "Game drawn by mutual agreement"]
[WhiteElo "1613"]
[BlackElo "1874"]
[Opening "Sicilian: Sozin, Leonhardt variation"]
[ECO "B88"]
[NIC "SI.26"]
[Time "10:03:32"]
[TimeControl "4500+10"]

1. e4 c5 2. Nf3 d6 3. d4 cxd4 4. Nxd4 Nf6 5. Nc3 Nc6 6. Bc4 e6 7. f3 Be7 8.
Be3 a6 9. Qd2 Bd7 10. O-O-O b5 11. Bb3 Na5 12. Kb1 Nc4 13. Bxc4 bxc4 14. g4
Rb8 15. Nde2 Qa5 16. g5 Nh5 17. Nf4 Qb4 18. b3 Nxf4 19. Bxf4 Rb6 20. Ne2
cxb3 21. cxb3 Qxd2 22. Rxd2 a5 23. Rhd1 Bb5 24. Nc3 e5 25. Be3 Rb7 26. Nxb5
Rxb5 27. Rd5 Rb7 28. Rxa5 Kd7 29. Rxe5 f6 30. gxf6 gxf6 31. Red5 Ke6 32. Bf4
Rb6 33. Bg3 Rc8 34. Rc1 Ra8 35. Rd2 Ra5 36. Rc4 Rab5 37. Rd5 Rxd5 38. exd5+
Kxd5 39. Rh4 Ke6 40. Rxh7 d5 41. Kb2 Rc6 42. Rh4 Bc5 43. a4 Be3 44. Bf4 Bd4+
45. Kb1 Rc3 46. Bc1 {Game drawn by mutual agreement} 1/2-1/2

[Event "ICC tourney 2132 (75 10)"]
[Site "Internet Chess Club"]
[Date "2020.11.14"]
[Round "2"]
[White "abi2009"]
[Black "SupaHotFiya"]
[Result "0-1"]
[ICCResult "White resigns"]
[WhiteElo "1730"]
[BlackElo "2025"]
[Opening "Robatsch defense: three pawns attack"]
[ECO "B06"]
[NIC "KF.05"]
[Time "13:32:17"]
[TimeControl "4500+10"]

1. e4 g6 2. d4 Bg7 3. f4 c5 4. c3 cxd4 5. cxd4 d5 6. e5 Nc6 7. Nf3 Bg4 8.
Nc3 Bxf3 9. gxf3 e6 10. Bb5 Qh4+ 11. Ke2 Ne7 12. Be3 O-O 13. Qd2 f6 14. Bxc6
Nxc6 15. Rag1 fxe5 16. fxe5 Rf5 17. Rg4 Qh5 18. h4 Raf8 19. Bf4 Qxg4 20.
fxg4 Rxf4 {White resigns} 0-1

[Event "ICC tourney 2132 (75 10)"]
[Site "Internet Chess Club"]
[Date "2020.11.14"]
[Round "2"]
[White "vvguys"]
[Black "parallax"]
[Result "0-1"]
[ICCResult "White checkmated"]
[WhiteElo "1556"]
[BlackElo "1772"]
[Opening "Queen's bishop game"]
[ECO "A45"]
[NIC "QP.07"]
[Time "13:33:02"]
[TimeControl "4500+10"]

1. d4 Nf6 2. Bf4 d5 3. Nf3 e6 4. e3 Bd6 5. Bg3 O-O 6. c4 c5 7. dxc5 Bxc5 8.
Nc3 Nc6 9. a3 a5 10. Be2 Re8 11. O-O d4 12. exd4 Nxd4 13. Nxd4 Bxd4 14. Nb5
e5 15. Nxd4 exd4 16. Qc2 Ne4 17. Bd3 Nxg3 18. Bxh7+ Kh8 19. fxg3 Be6 20. Bf5
Qb6 21. Bxe6 fxe6 22. c5 Qc6 23. Rf7 e5 24. Rd1 Rad8 25. Qe2 Qg6 26. Rxb7 e4
27. Rb6 Qf5 28. Rf1 Qxc5 29. Rb5 d3+ 30. Rxc5 dxe2 31. Re1 e3 32. Rc2 Rd2
33. Rcc1 Red8 34. b4 Rd1 35. bxa5 Rxc1 36. Rxc1 Rd1+ 37. Rxd1 exd1=Q#
{White checkmated}
0-1

[Event "ICC tourney 2132 (75 10)"]
[Site "Internet Chess Club"]
[Date "2020.11.14"]
[Round "2"]
[White "soggydollar"]
[Black "mikoyansuren"]
[Result "0-1"]
[ICCResult "White resigns"]
[WhiteElo "1805"]
[BlackElo "1984"]
[Opening "Sicilian: Anderssen variation"]
[ECO "B41"]
[NIC "SI.41"]
[Time "13:32:31"]
[TimeControl "4500+10"]

1. e4 c5 2. Nf3 e6 3. d4 cxd4 4. Nxd4 Nf6 5. Nc3 Nc6 6. Nxc6 bxc6 7. e5 Nd5
8. Ne4 Qc7 9. f4 Qa5+ 10. Bd2 Qb6 11. c4 Qd4 12. Qc2 Rb8 13. cxd5 Rxb2 14.
Qc4 Rxd2 15. Nxd2 Qxa1+ 16. Kf2 exd5 17. Qa4 Qb2 18. Ke1 Bb4 19. Qd1 O-O 20.
Bd3 d6 21. Qc2 Qd4 22. Ke2 Qxf4 23. Bxh7+ Kh8 24. Bd3 Bg4+ 25. Nf3 Qxe5+ 26.
Kf2 Bxf3 27. gxf3 Bc5+ 28. Kg2 Qg5+ 29. Kf1 Qh4 30. Kg2 Qg5+ 31. Kf1 Rb8 32.
Bf5 Qf6 33. Bg4 Rb2 {White resigns} 0-1